| TOP OF THE 1ST |
|
New York Yankees batting - Pitching for Baltimore Orioles : RHP Kyle Monroe
|
|
Pitching: RHP Kyle Monroe
|
|
|
Batting: LHB Wade Boggs
|
0-0: Called Strike 0-1: Fly out, F7 (Line Drive, 7, EV 89.4 MPH)
|
|
Batting: SHB Willie Wilson
|
0-0: Ball 1-0: Called Strike 1-1: Called Strike 1-2: Foul Ball, location: 2F 1-2: SINGLE (Line Drive, 34, EV 106.9 MPH)
|
|
Batting: LHB Kent Hrbek
|
0-0: Ball 1-0: Called Strike Willie Wilson steals 2nd base (no throw) 1-1: Foul Ball, location: 2F 1-2: SINGLE (Flyball, 7LS, EV 98.1 MPH) Willie Wilson to third Runner from 3rd tries for Home, SAFE, throw by LF to home
|
|
Batting: LHB George Kaage
|
0-0: Called Strike 0-1: Ball 1-1: Swinging Strike 1-2: Foul Ball, location: 2F 1-2: Ball 2-2: Foul Ball, location: 2F 2-2: Foul Ball, location: 2F 2-2: Foul Ball, location: 2F 2-2: Ball 3-2: SINGLE (Groundball, 4D, EV 104.4 MPH) Kent Hrbek to second Runner from 2nd tries for 3rd, SAFE, no throw by CF
|
|
Batting: RHB Pedro Guerrero
|
0-0: Ball 1-0: Ball 2-0: Called Strike 2-1: SINGLE (Groundball, 4D, EV 100.6 MPH) Kent Hrbek scores George Kaage to second Runner from 2nd tries for 3rd, OUT after rundown.
|
|
Batting: SHB Tim Raines
|
0-0: Foul Ball, location: 2F 0-1: Ball Passed Ball! Pedro Guerrero to second 1-1: Foul Ball, location: 2F 1-2: Fly out, F9 (Flyball, 9LD, EV 90.6 MPH)
|
| Top of the 1st over - 2 runs, 4 hits, 0 errors, 1 left on base; New York 2 - Baltimore 0 |
| BOTTOM OF THE 1ST |
|
Baltimore Orioles batting - Pitching for New York Yankees : RHP Blake Green
|
|
Pitching: RHP Blake Green
|
|
|
Batting: SHB Willie McGee
|
0-0: Swinging Strike 0-1: Fly out, F8 (Flyball, 78XD, EV 90.0 MPH)
|
|
Batting: SHB Johnny Ray
|
0-0: Foul Ball, location: 2F 0-1: Called Strike 0-2: SINGLE (Line Drive, 56, EV 96.9 MPH)
|
|
Batting: LHB Dave Parker
|
0-0: Fly out, F9 (Line Drive, 9D, EV 101.3 MPH)
|
|
Batting: RHB Dwight Evans
|
0-0: Called Strike 0-1: Fly out, F9 (Flyball, 9, EV 91.9 MPH)
|
| Bottom of the 1st over - 0 runs, 1 hit, 0 errors, 1 left on base; New York 2 - Baltimore 0 |
| TOP OF THE 2ND |
|
New York Yankees batting - Pitching for Baltimore Orioles : RHP Kyle Monroe
|
|
Batting: RHB Rod Allen
|
0-0: Ground out 3-1 (Groundball, 34, EV 84.4 MPH)
|
|
Batting: LHB Denny Porter
|
0-0: Ball 1-0: Ball 2-0: Called Strike 2-1: Ball 3-1: Foul Ball, location: 2F 3-2: SINGLE (Flyball, 8LS, EV 91.9 MPH)
|
|
Batting: RHB Emanuel Cortez
|
0-0: Ball 1-0: Ball 2-0: Fly out, F8 (Flyball, 78D, EV 94.4 MPH)
|
|
Batting: LHB Wade Boggs
|
0-0: Ball 1-0: Ball 2-0: Ball 3-0: Foul Ball, location: 2F 3-1: Foul Ball, location: 2F 3-2: Base on Balls Denny Porter to second
|
|
Batting: SHB Willie Wilson
|
0-0: Foul Ball, location: 2F 0-1: Ball 1-1: Foul Ball, location: 2F 1-2: Strikes out swinging
|
| Top of the 2nd over - 0 runs, 1 hit, 0 errors, 2 left on base; New York 2 - Baltimore 0 |
| BOTTOM OF THE 2ND |
|
Baltimore Orioles batting - Pitching for New York Yankees : RHP Blake Green
|
|
Batting: LHB Fred Lynn
|
0-0: Ball 1-0: Ground out 5-3 (Groundball, 56S, EV 73.1 MPH)
|
|
Batting: SHB Steve R Ontiveros
|
0-0: Ball 1-0: Foul Ball, location: 2F 1-1: Foul Ball, location: 2F 1-2: Ball 2-2: Strikes out swinging
|
|
Batting: RHB Matt Rice
|
0-0: Called Strike 0-1: Ball 1-1: Ball 2-1: Foul Ball, location: 2F 2-2: Strikes out looking
|
| Bottom of the 2nd over - 0 runs, 0 hits, 0 errors, 0 left on base; New York 2 - Baltimore 0 |
| TOP OF THE 3RD |
|
New York Yankees batting - Pitching for Baltimore Orioles : RHP Kyle Monroe
|
|
Batting: LHB Kent Hrbek
|
0-0: Ball 1-0: Ball 2-0: Ball 3-0: Called Strike 3-1: Called Strike 3-2: Fly out, F9 (Flyball, 9LD, EV 102.5 MPH)
|
|
Batting: LHB George Kaage
|
0-0: Hit by Pitch
|
|
Batting: RHB Pedro Guerrero
|
0-0: Called Strike 0-1: Ball 1-1: Foul Ball, location: 2F 1-2: Fly out, F8 (Flyball, 8RM, EV 93.1 MPH)
|
|
Batting: SHB Tim Raines
|
0-0: Ball 1-0: Foul Ball, location: 2F 1-1: Foul Ball, location: 2F 1-2: SINGLE (Line Drive, 9S, EV 93.1 MPH) George Kaage to second Runner from 2nd tries for 3rd, SAFE, throw by RF made to third
|
|
Batting: RHB Rod Allen
|
0-0: Called Strike 0-1: Ball 1-1: Foul Ball, location: 2F 1-2: Foul Ball, location: 2F 1-2: Strikes out swinging
|
| Top of the 3rd over - 0 runs, 1 hit, 0 errors, 2 left on base; New York 2 - Baltimore 0 |
| BOTTOM OF THE 3RD |
|
Baltimore Orioles batting - Pitching for New York Yankees : RHP Blake Green
|
|
Batting: RHB Marty G Barrett
|
0-0: Bunt for hit to P - play at first, batter OUT! 1-3
|
|
Batting: RHB Bill Foley
|
0-0: SINGLE (Flyball, 78S, EV 92.5 MPH)
|
|
Batting: SHB Willie McGee
|
0-0: Foul Ball, location: 2F 0-1: SINGLE (Line Drive, 7S, EV 100.0 MPH) Bill Foley to second
|
|
Batting: SHB Johnny Ray
|
0-0: SINGLE (Groundball, 4D, EV 101.3 MPH) Bill Foley to third Willie McGee to second Runner from 3rd tries for Home, SAFE, throw by CF to home
|
|
Batting: LHB Dave Parker
|
0-0: Ball Willie McGee steals 3rd base Johnny Ray to second 1-0: Foul Ball, location: 2F 1-1: Swinging Strike 1-2: Ball 2-2: Foul Ball, location: 2F 2-2: Fly out, F8 (Flyball, 78D, EV 89.4 MPH) Runner from 3rd tags up, SCORES, throw by CF Johnny Ray to third
|
|
Batting: RHB Dwight Evans
|
0-0: Called Strike 0-1: Ball 1-1: Swinging Strike 1-2: Ball 2-2: Foul Ball, location: 2F 2-2: Foul Ball, location: 2F 2-2: Ball 3-2: Foul Ball, location: 2F 3-2: Foul Ball, location: 2F 3-2: Foul Ball, location: 2F 3-2: Fly out, F6 (Popup, 4MD, EV 50.6 MPH)
|
| Bottom of the 3rd over - 2 runs, 3 hits, 0 errors, 1 left on base; New York 2 - Baltimore 2 |
| TOP OF THE 4TH |
|
New York Yankees batting - Pitching for Baltimore Orioles : RHP Kyle Monroe
|
|
Batting: LHB Denny Porter
|
0-0: Ball 1-0: Ball 2-0: Called Strike 2-1: Ground out 3-1 (Groundball, 34S, EV 90.0 MPH)
|
|
Batting: RHB Emanuel Cortez
|
0-0: Ball 1-0: Ball 2-0: SOLO HOME RUN (Line Drive, 7LD, EV 100.0 MPH), Distance : 361 ft
|
|
Batting: LHB Wade Boggs
|
0-0: Ball 1-0: Foul Ball, location: 2F 1-1: Called Strike 1-2: Foul Ball, location: 2F 1-2: Ball 2-2: Ball 3-2: DOUBLE (Line Drive, 5D, EV 96.3 MPH)
|
|
Batting: SHB Willie Wilson
|
0-0: Called Strike 0-1: Hit by Pitch
|
|
Batting: LHB Kent Hrbek
|
0-0: Grounds into double play, 6-4-3 (Groundball, 56, EV 80.6 MPH)
|
| Top of the 4th over - 1 run, 2 hits, 0 errors, 1 left on base; New York 3 - Baltimore 2 |
| BOTTOM OF THE 4TH |
|
Baltimore Orioles batting - Pitching for New York Yankees : RHP Blake Green
|
|
Batting: LHB Fred Lynn
|
0-0: Ball 1-0: Called Strike 1-1: Foul Ball, location: 2F 1-2: Ball 2-2: SINGLE (Flyball, 9S, EV 86.3 MPH)
|
|
Batting: SHB Steve R Ontiveros
|
0-0: Ball 1-0: Fly out, F7 (Flyball, 7, EV 92.5 MPH)
|
|
Batting: RHB Matt Rice
|
0-0: Ground out 4-3 (Groundball, 4, EV 96.3 MPH) Fred Lynn to second
|
|
Batting: RHB Marty G Barrett
|
0-0: Foul Ball, location: 2F 0-1: Ball 1-1: Fly out, F9 (Flyball, 9S, EV 89.4 MPH)
|
| Bottom of the 4th over - 0 runs, 1 hit, 0 errors, 1 left on base; New York 3 - Baltimore 2 |
| TOP OF THE 5TH |
|
New York Yankees batting - Pitching for Baltimore Orioles : RHP Kyle Monroe
|
|
Batting: LHB George Kaage
|
0-0: Called Strike 0-1: Ball 1-1: Ball 2-1: Swinging Strike 2-2: Foul Ball, location: 2F 2-2: Foul Ball, location: 2F 2-2: Ground out 4-3 (Groundball, 4D, EV 108.8 MPH)
|
|
Batting: RHB Pedro Guerrero
|
0-0: Foul Ball, location: 2F 0-1: Ball 1-1: Fly out, F9 (Flyball, 89M, EV 80.0 MPH)
|
|
Batting: SHB Tim Raines
|
0-0: Foul Ball, location: 2F 0-1: SINGLE (Line Drive, 8LS, EV 105.6 MPH)
|
|
Batting: RHB Rod Allen
|
0-0: Ball Tim Raines is caught stealing 2nd base 2-4
|
| Top of the 5th over - 0 runs, 1 hit, 0 errors, 0 left on base; New York 3 - Baltimore 2 |
| BOTTOM OF THE 5TH |
|
Baltimore Orioles batting - Pitching for New York Yankees : RHP Blake Green
|
|
Batting: RHB Bill Foley
|
0-0: Ball 1-0: Swinging Strike 1-1: Called Strike 1-2: Strikes out swinging
|
|
Batting: SHB Willie McGee
|
0-0: Swinging Strike 0-1: Called Strike 0-2: Ball 1-2: Ball 2-2: Strikes out looking
|
|
Batting: SHB Johnny Ray
|
0-0: SINGLE (Line Drive, 34D, EV 101.9 MPH)
|
|
Batting: LHB Dave Parker
|
0-0: Ball Johnny Ray steals 2nd base 1-0: Ball 2-0: Fly out, F8 (Flyball, 8RXD, EV 91.3 MPH)
|
| Bottom of the 5th over - 0 runs, 1 hit, 0 errors, 1 left on base; New York 3 - Baltimore 2 |
| TOP OF THE 6TH |
|
New York Yankees batting - Pitching for Baltimore Orioles : RHP Kyle Monroe
|
|
Batting: RHB Rod Allen
|
0-0: DOUBLE (Flyball, 8RXD, EV 104.4 MPH)
|
|
Pitching: RHP Dave Patterson
|
|
|
Batting: LHB Denny Porter
|
0-0: Foul Ball, location: 2F 0-1: Fly out, F7 (Flyball, 7S, EV 88.1 MPH)
|
|
Batting: RHB Emanuel Cortez
|
0-0: Ball Rod Allen steals 3rd base 1-0: Called Strike 1-1: Called Strike 1-2: Ball 2-2: Strikes out swinging
|
|
Batting: LHB Wade Boggs
|
0-0: Ball 1-0: Ball 2-0: Ball 3-0: Called Strike 3-1: Base on Balls
|
|
Batting: SHB Willie Wilson
|
0-0: Ball Wade Boggs steals 2nd base 1-0: DOUBLE (Line Drive, 78M, EV 110.0 MPH) Rod Allen scores Wade Boggs scores
|
|
Batting: LHB Kent Hrbek
|
0-0: Ball 1-0: Swinging Strike 1-1: Foul Ball, location: 2F 1-2: Foul Ball, location: 2F 1-2: Fly out, F8 (Flyball, 8LS, EV 85.0 MPH)
|
| Top of the 6th over - 2 runs, 2 hits, 0 errors, 1 left on base; New York 5 - Baltimore 2 |
| BOTTOM OF THE 6TH |
|
Baltimore Orioles batting - Pitching for New York Yankees : RHP Blake Green
|
|
Pitching: LHP Jose Paz
|
|
|
Batting: RHB Dwight Evans
|
0-0: Ball 1-0: Ball 2-0: Ball 3-0: Foul Ball, location: 2F 3-1: Foul Ball, location: 2F 3-2: SINGLE (Groundball, 4MD, EV 98.8 MPH)
|
|
Batting: LHB Fred Lynn
|
0-0: Foul Ball, location: 2F 0-1: Ball 1-1: Ball 2-1: Ball 3-1: Called Strike 3-2: Foul Ball, location: 2F 3-2: Strikes out looking
|
|
Batting: SHB Steve R Ontiveros
|
0-0: SINGLE (Groundball, 4MD, EV 100.6 MPH) Dwight Evans to second Runner from 2nd tries for 3rd, SAFE, throw by CF made to third
|
|
Batting: RHB Matt Rice
|
0-0: Foul Ball, location: 2F 0-1: Ball 1-1: Foul Ball, location: 2F 1-2: Strikes out swinging
|
|
Batting: RHB Marty G Barrett
|
0-0: Fly out, F4 (Line Drive, 4, EV 66.9 MPH)
|
| Bottom of the 6th over - 0 runs, 2 hits, 0 errors, 2 left on base; New York 5 - Baltimore 2 |
| TOP OF THE 7TH |
|
New York Yankees batting - Pitching for Baltimore Orioles : RHP Dave Patterson
|
|
Batting: LHB George Kaage
|
0-0: Foul Ball, location: 2F 0-1: Foul Ball, location: 2F 0-2: Ball 1-2: Foul Ball, location: 2F 1-2: Ball 2-2: Foul Ball, location: 2F 2-2: Foul Ball, location: 2F 2-2: Foul Ball, location: 2F 2-2: Ball 3-2: Fly out, F8 (Flyball, 89M, EV 86.3 MPH)
|
|
Batting: RHB Pedro Guerrero
|
0-0: Ball 1-0: Called Strike 1-1: Swinging Strike 1-2: Ball 2-2: Strikes out swinging, 2-3 out at first.
|
|
Batting: SHB Tim Raines
|
0-0: Ball 1-0: SINGLE (Line Drive, 89M, EV 91.3 MPH)
|
|
Pitching: RHP John Howell
|
|
|
Batting: RHB Rod Allen
|
0-0: Ball 1-0: Called Strike 1-1: Ball 2-1: Ball 3-1: Swinging Strike 3-2: Strikes out looking
|
| Top of the 7th over - 0 runs, 1 hit, 0 errors, 1 left on base; New York 5 - Baltimore 2 |
| BOTTOM OF THE 7TH |
|
Baltimore Orioles batting - Pitching for New York Yankees : LHP Jose Paz
|
|
Batting: RHB Bill Foley
|
0-0: Swinging Strike 0-1: Ground out U3 (Groundball, 34, EV 102.5 MPH)
|
|
Batting: SHB Willie McGee
|
0-0: Fly out, F6 (Line Drive, 6, EV 60.6 MPH)
|
|
Batting: SHB Johnny Ray
|
0-0: Foul Ball, location: 2F 0-1: Swinging Strike 0-2: Ball 1-2: Ball 2-2: Fly out, F8 (Line Drive, 8RM, EV 90.0 MPH)
|
| Bottom of the 7th over - 0 runs, 0 hits, 0 errors, 0 left on base; New York 5 - Baltimore 2 |
| TOP OF THE 8TH |
|
New York Yankees batting - Pitching for Baltimore Orioles : RHP John Howell
|
|
Batting: LHB Denny Porter
|
0-0: Called Strike 0-1: Swinging Strike 0-2: Fly out, F8 (Flyball, 8LXD, EV 110.0 MPH)
|
|
Batting: RHB Emanuel Cortez
|
0-0: Fly out, F9 (Line Drive, 9D, EV 96.9 MPH)
|
|
Batting: LHB Wade Boggs
|
0-0: Ball 1-0: Foul Ball, location: 2F 1-1: Ball 2-1: Ball 3-1: SINGLE (Popup, 4D, EV 51.3 MPH)
|
|
Batting: SHB Willie Wilson
|
0-0: Swinging Strike 0-1: Called Strike 0-2: Ball 1-2: Ball 2-2: DOUBLE (Line Drive, 89M, EV 113.1 MPH) Wade Boggs to third Runner from 3rd tries for Home, SAFE, throw by CF to home
|
|
Batting: LHB Kent Hrbek
|
0-0: Ball 1-0: Called Strike 1-1: Foul Ball, location: 2F 1-2: Ball 2-2: Ball 3-2: Ground out U3 (Groundball, 3, EV 100.0 MPH)
|
| Top of the 8th over - 1 run, 2 hits, 0 errors, 1 left on base; New York 6 - Baltimore 2 |
| BOTTOM OF THE 8TH |
|
Baltimore Orioles batting - Pitching for New York Yankees : LHP Jose Paz
|
|
Pitching: RHP Camilo Aprgio
|
|
|
Batting: LHB Dave Parker
|
0-0: Ball 1-0: Foul Ball, location: 2F 1-1: Ground out 1-3 (Groundball, P, EV 71.9 MPH)
|
|
Batting: RHB Dwight Evans
|
0-0: Called Strike 0-1: Hit by Pitch
|
|
Batting: LHB Fred Lynn
|
0-0: Called Strike 0-1: Ball 1-1: Grounds into double play, 5-4-3 (Groundball, 5L, EV 104.4 MPH)
|
| Bottom of the 8th over - 0 runs, 0 hits, 0 errors, 0 left on base; New York 6 - Baltimore 2 |
| TOP OF THE 9TH |
|
New York Yankees batting - Pitching for Baltimore Orioles : RHP John Howell
|
|
Batting: LHB George Kaage
|
0-0: Ball 1-0: Swinging Strike 1-1: Ball 2-1: Called Strike 2-2: Ball 3-2: Base on Balls
|
|
Batting: RHB Pedro Guerrero
|
0-0: Grounds into double play, 6-4-3 (Groundball, 6, EV 85.0 MPH)
|
|
Batting: SHB Tim Raines
|
0-0: Foul Ball, location: 2F 0-1: Ball 1-1: Swinging Strike 1-2: Foul Ball, location: 2F 1-2: Ball 2-2: Ball 3-2: Strikes out swinging
|
| Top of the 9th over - 0 runs, 0 hits, 0 errors, 0 left on base; New York 6 - Baltimore 2 |
| BOTTOM OF THE 9TH |
|
Baltimore Orioles batting - Pitching for New York Yankees : RHP Camilo Aprgio
|
|
Batting: SHB Steve R Ontiveros
|
0-0: Ball 1-0: Ground out U3 (Groundball, 3L, EV 87.5 MPH)
|
|
Batting: RHB Matt Rice
|
0-0: Ground out 6-3 (Groundball, 56D, EV 106.3 MPH)
|
|
Batting: RHB Marty G Barrett
|
0-0: Ball 1-0: Ground out 6-3 (Groundball, 56, EV 111.3 MPH)
|
| Bottom of the 9th over - 0 runs, 0 hits, 0 errors, 0 left on base; New York 6 - Baltimore 2 |
|